 Dungeon Crawl Stone Soup version 0.17-a0-1310-gaf4f4d6 (webtiles) character file.

33248 MonkeyBuisness the Fighter (level 13, -6/124 HPs)
             Began as a Minotaur Berserker on June 8, 2015.
             Was the Champion of Trog.
             Succumbed to Nessos's poison
             ... on level 4 of the Orcish Mines.
             The game lasted 01:18:42 (18987 turns).

MonkeyBuisness the Fighter (Minotaur Berserker)    Turns: 18987, Time: 01:18:42

Health: -6/124     AC: 23    Str: 33    XL:     13   Next: 35%
Magic:  12/13      EV: 11    Int:  4    God:    Trog [******]
Gold:   459        SH:  0    Dex:  9    Spells: 0 memorised, 12 levels left

rFire  + . .     SeeInvis .     a - +5 battleaxe
rCold  x . .     Clarity  .     E - +6 plate armour {ponderous}
rNeg   . . .     SustAt   .     (no shield)
rPois  .         Gourm    .     (helmet restricted)
rElec  .         Spirit   .     B - +2 cloak {MR+}
rCorr  .         Warding  .     (no gloves)
rMut   +         Stasis   .     (no boots)
MR     +....                    g - amulet of resist mutation {rMut, !d}
Stlth  ..........               O - ring of fire {rF+, rC-}
                                e - ring of teleport control {cTele, !d}

@: mighty, lethally poisoned (-6 -> -73), exhausted, slowed, very heavily
drained, very slow, somewhat resistant to hostile enchantments, extremely
unstealthy
A: retaliatory headbutt, horns 2, high mp 1
a: Burn Spellbooks, Berserk, Trog's Hand, Brothers in Arms, Renounce Religion,
Evoke Teleport Control


You were on level 4 of the Orcish Mines.
You worshipped Trog.
Trog was exalted by your worship.
You were not hungry.

You visited 2 branches of the dungeon, and saw 16 of its levels.

You collected 1664 gold pieces.
You spent 1205 gold pieces at shops.

Inventory:

Hand weapons
 a - a +5 battleaxe (weapon)
   (You took it off a wight on level 9 of the Dungeon)
Armour
 B - a +2 cloak of magic resistance (worn)
   (You took it off Crazy Yiuf on level 5 of the Dungeon)
 E - a +6 plate armour of ponderousness (worn)
   (You bought it in a shop on level 4 of the Orcish Mines)
Jewellery
 e - a ring of teleport control (left hand) {cTele, !d}
   (You found it on level 1 of the Dungeon)
 g - an amulet of resist mutation (around neck) {rMut, !d}
   (You found it on level 1 of the Dungeon)
 O - a ring of fire (right hand) {rF+, rC-}
   (You found it on level 10 of the Dungeon)
Magical devices
 m - a wand of fire (8)
   (You found it on level 12 of the Dungeon)
 r - a wand of confusion (27)
   (You found it on level 8 of the Dungeon)
 J - a wand of polymorph (9)
   (You found it on level 8 of the Dungeon)
 N - a wand of hasting (3)
   (You found it on level 9 of the Dungeon)
Scrolls
 h - 5 scrolls of magic mapping {!r}
 i - 5 scrolls of remove curse
 l - 3 scrolls of enchant armour
 n - 2 scrolls of noise {unknown}
 o - a scroll of blinking {!r}
 p - a scroll of torment {unknown}
 s - a scroll of immolation {!r}
 u - a scroll of fear
 y - 5 scrolls of teleportation
 D - a scroll of identify
Potions
 c - 2 potions of haste
 j - a potion of brilliance {unknown}
 q - a potion of flight
 t - a potion of magic
 z - a potion of might
 H - a potion of berserk rage {unknown}
 I - 2 potions of ambrosia {!q}
 L - a potion of lignification {unknown}
Books
 x - a book of the Dragon
   (You found it on level 6 of the Dungeon)
 A - a book of the Sky
   (You found it on level 6 of the Dungeon)
 C - a book of Battle
   (You found it on level 6 of the Dungeon)
 G - a book of Minor Magic
   (You found it on level 7 of the Dungeon)
 M - a book of Transfigurations {@w0}
   (You found it on level 9 of the Dungeon)
Comestibles
 f - a meat ration {@e2}
 w - a bread ration {@e1}


   Skills:
 * Level 14.1(9.6) Fighting
 + Level 12.4(8.2) Axes
   Level 2.2(4.6) Maces & Flails
 + Level 13.8(9.4) Armour
 + Level 13.1(8.8) Dodging
   Level 2.0(0.0) Shields


You had 12 spell levels left.
You didn't know any spells.

Dungeon Overview and Level Annotations

Branches:
Dungeon (12/15)            Temple (0/1) D:4            Lair (0/8) D:10
    Orc (4/4) D:12            Elf (0/3) Orc:4

Altars:
Makhleb
Qazlal
Ru
Yredelemnul

Shops:
D:9 ?   Orc:2 *   Orc:4 [%?=:

Annotations:
D:12 Sonja
Orc:4 Nessos


Innate Abilities, Weirdness & Mutations

You reflexively headbutt those who attack you in melee.
You have a pair of horns on your head.
You have an increased reservoir of magic (+10% MP).


Message History

Trog accepts your kill.
You hit the orc. Your headbutt misses the orc. The orc barely misses you.
You furiously retaliate!
You headbutt the orc!
You kill the orc!
Trog accepts your kill.
Nessos wields a longbow of flaming.
It bursts into flame!
Nessos shoots a poisoned arrow.
The poisoned arrow closely misses you.
Items here: ))) [ †† a chain mail; a flail; a giant club; a great mace of protection; an orc corpse an orc corpse You slash the ogre!
You headbutt the ogre!
You kill the ogre!
Trog accepts your kill.
Nessos gestures wildly while chanting.
Nessos seems to speed up.
You slice Nessos!! You headbutt Nessos! You slash the orc!
You kill the orc!
Trog accepts your kill.
Nessos unwields an uncursed longbow of flaming.
It stops flaming.
Nessos hits you but does no damage. Nessos hits you.
You take 2 damage, and have 106/186 hp.
You hit Nessos but do no damage. Nessos hits you but does no damage.
Nessos hits you but does no damage.
You slash Nessos! You slash the orc!
You kill the orc!
Trog accepts your kill. Nessos hits you. Nessos misses you.
You furiously retaliate!
You headbutt Nessos!
You take 5 damage, and have 101/186 hp.
You slash Nessos! You headbutt Nessos.
Nessos blinks!
Nessos wields an uncursed longbow of flaming.
It bursts into flame!
Nessos shoots a poisoned arrow.
The poisoned arrow hits you.
You are poisoned.
You take 5 damage, and have 96/186 hp.
You feel sick.
You see here a giant club.
You take 1 damage, and have 95/186 hp.
You feel a strong urge to attack something.
You are no longer berserk.
Trog's vigour flows through your veins.
You are exhausted.
You feel yourself slow down.
You feel sick.
Nessos blinks!
Nessos shoots a poisoned arrow.
The poisoned arrow barely misses you.
Items here: ( ))) [ †† You now have 64/124 hp.
You feel very mighty all of a sudden.
You feel sick.
Nessos blinks!
Nessos shoots a poisoned arrow.
The poisoned arrow completely misses you.
Nessos blinks!
You take 1 damage, and have 63/124 hp.
You feel sick.
Nessos shoots a poisoned arrow.
The poisoned arrow hits you! The poisoned arrow burns you.
You are more poisoned.
Nessos shoots a poisoned arrow.
The poisoned arrow closely misses you.
Things that are here:
2 poisoned arrows; a stone; a giant club You take 17 damage, and have 46/124 hp.
As you read the scroll of fog, it crumbles to dust.
The scroll dissolves into smoke.
You feel very sick.
Nessos blinks!
Nessos shoots a poisoned arrow.
The poisoned arrow hits you!
* * * LOW HITPOINT WARNING * * *
The poisoned arrow burns you.
* * * LOW HITPOINT WARNING * * *
You are lethally poisoned!
Nessos shoots a poisoned arrow.
The poisoned arrow hits you!
* * * LOW HITPOINT WARNING * * *
The poisoned arrow burns you.
* * * LOW HITPOINT WARNING * * *
You are more poisoned.
You take 37 damage, and have 9/124 hp.
MASSIVE DAMAGE!!
Drink which item? (? for menu, Esc to quit)
It was a potion of ambrosia.
You are confused.
You feel invigorated.
* * * LOW HITPOINT WARNING * * *
You feel extremely sick.
Nessos shoots a poisoned arrow.
The poisoned arrow barely misses you.
Nessos shoots a poisoned arrow.
The poisoned arrow hits you but does no damage.
You are more poisoned.
You take 3 damage, and have 6/124 hp.
Drink which item? (? for menu, Esc to quit)
It was a potion of magic.
Magic courses through your body.
You feel less invigorated.
You feel less confused.
* * * LOW HITPOINT WARNING * * *
You feel extremely sick.
Nessos shoots a poisoned arrow.
The poisoned arrow hits you.
* * * LOW HITPOINT WARNING * * *
You are more poisoned.
Nessos shoots a poisoned arrow.
The poisoned arrow completely misses you.
You take 4 damage, and have 2/124 hp.
Drink which item? (? for menu, Esc to quit)
It was a potion of mutation.
You feel extremely strange.
You feel more energetic.
You die...

.§...# #...###
#....###.......
#....#........
...........
#.#c.....# #.##..).##
##...§§..# #.§§§§#.##
##.#@#### ##§§§#
#########§####### ##.
.................
##..
.................
#...
######..########.
#..####............##
#..##................
#..#.................


You could see Nessos.

Vanquished Creatures
  Donald (Orc:3)
  Erolcha (D:9)
  4 ogre magi (Orc:4)
  A wizard (D:10)
  5 hill giants
  Pikel (D:8)
  2 orc knights
  3 ugly things (D:12)
  Maurice (D:9)
  Joseph (D:7)
  3 gargoyles
  A spiny frog (D:10)
  The ghost of Monkaria the Carver, an experienced DsCK of Xom (D:5)
  5 trolls
  A fire drake (D:10)
  15 two-headed ogres
  A blink frog (D:10)
  Grinder (D:3)
  Prince Ribbit (D:5)
  Sigmund (D:2)
  The ghost of espenoss the Chucker, an average OgHu (D:7)
  2 deep elf magi (D:12)
  13 yaks
  A hog (D:7)
  2 vampire mosquitoes (D:10)
  2 wyverns
  A human (D:7)
  2 hippogriffs (D:12)
  5 wargs
  Menkaure (D:4)
  Edmund (D:4)
  17 water moccasins
  An ice beast (D:5)
  4 phantoms
  3 black bears
  A necrophage (D:9)
  22 ogres
  3 sky beasts
  8 orc warriors
  16 giant frogs
  11 centaurs
  4 scorpions
  A water moccasin skeleton (D:9)
  3 electric eels (D:10)
  5 wights (D:9)
  8 crimson imps
  A giant frog zombie (D:10)
  2 centaur zombies (D:11)
  2 jellies
  6 hounds
  Crazy Yiuf (D:5)
  A gnoll shaman (D:3)
  3 iguanas
  25 orc priests
  28 orc wizards
  A quasit (D:6)
  3 centaur skeletons
  Terence (D:3)
  Natasha (twice) (D:2)
  3 sheep (D:7)
  8 worker ants
  4 hound skeletons
  Robin (D:3)
  A shadow imp (D:5)
  24 adders
  4 gnolls (D:3)
  2 oozes
  2 adder skeletons (D:4)
  6 worms
  7 giant geckos
  147 orcs
  17 bats
  2 bat skeletons (D:4)
  6 giant cockroaches
  24 hobgoblins
  3 quokkas
  2 ball pythons
  3 giant newts
  22 goblins
  24 jackals
  A jackal skeleton (D:6)
  15 kobolds
  2 quokka skeletons
  12 rats
  2 fungi (D:5)
608 creatures vanquished.

Vanquished Creatures (others)
  A water moccasin (D:10)
1 creature vanquished.

Grand Total: 609 creatures vanquished

Notes
Turn   | Place    | Note
--------------------------------------------------------------
     0 | D:1      | MonkeyBuisness the Minotaur Berserker began the quest for the Orb.
     0 | D:1      | Reached XP level 1. HP: 19/19 MP: 0/0
   196 | D:1      | Reached XP level 2. HP: 20/27 MP: 1/1
   459 | D:1      | Reached skill level 4 in Axes
   930 | D:2      | Noticed Sigmund
   950 | D:2      | Killed Sigmund
   950 | D:2      | Reached skill level 4 in Fighting
   950 | D:2      | Reached skill level 3 in Armour
   950 | D:2      | Reached skill level 3 in Dodging
   950 | D:2      | Reached XP level 3. HP: 30/34 MP: 2/2
   950 | D:2      | Reached XP level 4. HP: 36/41 MP: 3/3
   950 | D:2      | Reached XP level 5. HP: 41/47 MP: 4/4
  1049 | D:2      | Acquired Trog's second power
  1087 | D:2      | Noticed Natasha
  1090 | D:2      | Killed Natasha
  1090 | D:2      | Reached skill level 4 in Armour
  1120 | D:2      | Reached skill level 5 in Axes
  1137 | D:2      | Found a sacrificial altar of Ru.
  1194 | D:2      | Reached skill level 4 in Dodging
  1597 | D:2      | Noticed Natasha
  1601 | D:2      | Killed Natasha
  1601 | D:2      | Reached skill level 5 in Fighting
  1725 | D:3      | Noticed Terence
  1734 | D:3      | Killed Terence
  1734 | D:3      | Reached XP level 6. HP: 54/56 MP: 5/5
  2039 | D:3      | Noticed Robin
  2050 | D:3      | Killed Robin
  2168 | D:3      | Noticed Grinder
  2184 | D:3      | Paralysed by Grinder for 3 turns
  2194 | D:3      | Killed Grinder
  2194 | D:3      | Reached XP level 7. HP: 52/62 MP: 6/6
  2290 | D:3      | Reached skill level 5 in Dodging
  2407 | D:3      | Reached skill level 5 in Armour
  2557 | D:4      | Noticed Edmund
  2570 | D:4      | Killed Edmund
  2570 | D:4      | Reached skill level 6 in Fighting
  2575 | D:4      | HP: 15/63 [poisoned by Edmund]
  2580 | D:4      | HP: 10/63 [poisoned by Edmund]
  2585 | D:4      | HP: 8/63 [poisoned by Edmund]
  2591 | D:3      | HP: 7/63 [poisoned by Edmund]
  2596 | D:3      | HP: 6/63 [poisoned by Edmund]
  2968 | D:4      | Noticed Menkaure
  2975 | D:4      | Killed Menkaure
  2975 | D:4      | Reached skill level 6 in Armour
  3149 | D:4      | Reached skill level 6 in Dodging
  3152 | D:4      | Reached skill level 7 in Fighting
  3152 | D:4      | Reached XP level 8. HP: 40/73 MP: 7/7
  3360 | D:4      | Found a staircase to the Ecumenical Temple.
  3725 | D:4      | Acquired Trog's third power
  4125 | D:5      | Entered Level 5 of the Dungeon
  4161 | D:5      | Noticed Monkaria's ghost (experienced DsCK)
  4172 | D:5      | Paralysed by Monkaria's ghost for 4 turns
  4493 | D:5      | Reached skill level 7 in Armour
  4614 | D:5      | Noticed Prince Ribbit
  4615 | D:5      | Reached skill level 7 in Dodging
  4700 | D:5      | HP: 27/111 [poisoned by Monkaria's ghost]
  4701 | D:5      | Killed Monkaria's ghost
  4701 | D:5      | Reached skill level 8 in Fighting
  4706 | D:5      | HP: 14/74 [poisoned by Monkaria's ghost]
  4711 | D:5      | HP: 13/74 [poisoned by Monkaria's ghost]
  4718 | D:5      | HP: 13/74 [poisoned by Monkaria's ghost]
  4726 | D:5      | HP: 13/74 [poisoned by Monkaria's ghost]
  5057 | D:5      | Killed Prince Ribbit
  5057 | D:5      | Reached skill level 8 in Armour
  5057 | D:5      | Reached XP level 9. HP: 64/82 MP: 8/8
  5406 | D:5      | Reached skill level 8 in Dodging
  5476 | D:5      | Reached skill level 9 in Fighting
  5613 | D:5      | Noticed Crazy Yiuf
  5623 | D:5      | Killed Crazy Yiuf
  6240 | D:6      | Reached skill level 9 in Armour
  6995 | D:7      | Reached skill level 9 in Dodging
  7035 | D:7      | Noticed espenoss's ghost (average OgHu)
  7065 | D:7      | Killed espenoss's ghost
  7183 | D:7      | Noticed Joseph
  7191 | D:7      | Killed Joseph
  7191 | D:7      | Reached skill level 10 in Fighting
  7384 | D:7      | Reached XP level 10. HP: 73/93 MP: 9/9
  7397 | D:7      | Received a gift from Trog
  7632 | D:7      | Reached skill level 10 in Armour
  8185 | D:8      | Noticed Pikel
  8196 | D:8      | Killed Pikel
  8196 | D:8      | Reached skill level 10 in Dodging
  8433 | D:8      | Found a stormy altar of Qazlal.
  8589 | D:8      | Found a burning altar of Makhleb.
  8764 | D:9      | Reached skill level 11 in Fighting
  8775 | D:9      | HP: 20/95 [yak (9)]
  8776 | D:9      | Reached skill level 11 in Armour
  9350 | D:9      | Noticed Maurice
  9368 | D:9      | Killed Maurice
  9595 | D:9      | Found Jeviddem's Magic Scroll Shop.
  9605 | D:9      | Bought a scroll of magic mapping for 49 gold pieces
  9605 | D:9      | Bought a scroll of teleportation for 42 gold pieces
  9605 | D:9      | Bought a scroll of identify for 28 gold pieces
  9605 | D:9      | Bought a scroll of identify for 28 gold pieces
  9605 | D:9      | Bought a scroll of identify for 28 gold pieces
  9605 | D:9      | Bought a scroll of enchant weapon for 105 gold pieces
  9656 | D:9      | Reached XP level 11. HP: 103/103 MP: 10/10
  9657 | D:9      | Reached skill level 11 in Dodging
  9875 | D:9      | Noticed Erolcha
  9884 | D:9      | Killed Erolcha
 10109 | D:10     | Entered Level 10 of the Dungeon
 10119 | D:10     | Reached skill level 6 in Axes
 10274 | D:10     | Noticed a wizard
 10280 | D:10     | Killed a wizard
 10283 | D:10     | Reached skill level 12 in Fighting
 10458 | D:10     | Found a staircase to the Lair.
 10647 | D:10     | Reached skill level 7 in Axes
 10647 | D:10     | Reached skill level 12 in Armour
 10998 | D:10     | Noticed a hill giant
 11005 | D:10     | Killed a hill giant
 11180 | D:10     | Reached skill level 8 in Axes
 11192 | D:10     | HP: 25/104 [poisoned by a water moccasin]
 11197 | D:10     | HP: 19/104 [poisoned by a water moccasin]
 11202 | D:10     | HP: 16/104 [poisoned by a water moccasin]
 11208 | D:10     | HP: 14/104 [poisoned by a water moccasin]
 11214 | D:10     | HP: 15/104 [poisoned by a water moccasin]
 11648 | D:10     | Noticed a hill giant
 11659 | D:10     | Killed a hill giant
 11900 | D:10     | HP: 36/156 [water moccasin (6)]
 11906 | D:10     | HP: 31/156 [poisoned by a water moccasin]
 11911 | D:10     | HP: 17/104 [poisoned by a water moccasin]
 11917 | D:10     | HP: 15/104 [poisoned by a water moccasin]
 11923 | D:10     | HP: 14/104 [poisoned by a water moccasin]
 11929 | D:10     | HP: 15/104 [poisoned by a water moccasin]
 12546 | D:10     | Noticed a hill giant
 12556 | D:10     | Killed a hill giant
 12556 | D:10     | Reached skill level 9 in Axes
 13040 | D:11     | Received a gift from Trog
 13097 | D:11     | Reached XP level 12. HP: 112/112 MP: 11/11
 13114 | D:11     | Reached skill level 12 in Dodging
 13968 | D:11     | Reached skill level 10 in Axes
 14132 | D:12     | Reached skill level 13 in Fighting
 15152 | D:12     | Noticed Sonja
 15226 | D:12     | Found a basalt altar of Yredelemnul.
 15233 | D:12     | HP: 27/171 [white ugly thing (25)]
 15234 | D:12     | Reached skill level 13 in Armour
 15238 | D:12     | HP: 17/114 [something (2)]
 15586 | D:12     | Reached skill level 11 in Axes
 15870 | D:12     | Received a gift from Trog
 15879 | D:12     | Found a staircase to the Orcish Mines.
 15910 | Orc:1    | Entered Level 1 of the Orcish Mines
 16109 | Orc:2    | Found Bynuqi's General Store.
 16119 | Orc:2    | Bought a scroll of magic mapping for 59 gold pieces
 16658 | Orc:3    | Received a gift from Trog
 17317 | Orc:4    | Entered Level 4 of the Orcish Mines
 17317 | Orc:4    | Found a staircase to the Elven Halls.
 17396 | Orc:4    | Received a gift from Trog
 17650 | Orc:4    | Found Recvuer's Book Shop.
 17730 | Orc:4    | Noticed an ogre mage
 17731 | Orc:4    | Found Ischem's Jewellery Boutique.
 17731 | Orc:4    | Noticed an ogre mage
 17732 | Orc:4    | Found Umnuisu's Food Shoppe.
 17732 | Orc:4    | Found Cuill's Antique Armour Shop.
 17732 | Orc:4    | Found Xeguhots's Magic Scroll Shoppe.
 17732 | Orc:4    | Noticed an ogre mage
 17733 | Orc:4    | Noticed Donald
 17733 | Orc:4    | Garuda: flaming
 17740 | Orc:4    | Killed an ogre mage
 17743 | Orc:4    | Reached XP level 13. HP: 123/123 MP: 12/12
 17745 | Orc:4    | Killed an ogre mage
 17745 | Orc:4    | Reached skill level 12 in Axes
 17750 | Orc:4    | Killed an ogre mage
 17780 | Orc:3    | HP: 12/123 [Donald/eveningstar of draining (21)]
 17791 | Orc:3    | HP: 26/123 [Donald/eveningstar of draining (9)]
 17792 | Orc:3    | HP: 10/123 [Donald/eveningstar of draining (16)]
 17792 | Orc:3    | HP: 4/123 [Donald/eveningstar of draining (6)]
 17797 | Orc:3    | Killed Donald
 18205 | Orc:3    | Reached skill level 13 in Dodging
 18464 | Orc:4    | Reached skill level 1 in Shields
 18464 | Orc:4    | Reached skill level 1 in Maces & Flails
 18468 | Orc:4    | HP: 40/184 [two-headed ogre/giant club (13)]
 18474 | Orc:4    | Reached skill level 14 in Fighting
 18475 | Orc:4    | HP: 37/186 [ogre/giant club (6)]
 18476 | Orc:4    | Reached skill level 2 in Maces & Flails
 18595 | Orc:4    | Reached skill level 2 in Shields
 18938 | Orc:4    | Bought a glowing plate armour for 690 gold pieces
 18952 | Orc:4    | Bought a scroll of enchant armour for 120 gold pieces
 18952 | Orc:4    | Bought a scroll of magic mapping for 56 gold pieces
 18968 | Orc:4    | Noticed Nessos
 18984 | Orc:4    | HP: 31/124 [Nessos/poisoned arrow (12)]
 18984 | Orc:4    | HP: 12/124 [Nessos/poisoned arrow (17)]
 18986 | Orc:4    | HP: 5/124 [poisoned by Nessos]
 18986 | Orc:4    | HP: 2/124 [Nessos/poisoned arrow (3)]
 18987 | Orc:4    | Gained mutation: You have an increased reservoir of magic (+10% MP). [potion of mutation]
 18987 | Orc:4    | Succumbed to Nessos's poison

Vault maps used:
D:1:      dpeg_arrival_rooms_with_view
D:2:      hangedman_ru_absence, uniq_natasha, uniq_sigmund
D:3:      uniq_terence, uniq_robin, uniq_grinder
D:4:      temple_green, first_bread, serial_bayou_pond_e, uniq_edmund,
          uniq_menkaure
D:5:      uniq_crazy_yiuf_cottage, uniq_prince_ribbit1
D:7:      grunt_livestock, uniq_joseph
D:8:      makhleb_grotto_becter, grunt_qazlal_clouds, uniq_pikel
D:9:      kennysheep_small_square, uniq_maurice, uniq_erolcha
D:10:     lemuel_reptile_caves, dpeg_lair_monsters
D:12:     hiddenorc2_lemuel, yredelemnul_altar_generic, uniq_sonja
Orc:1:    basic_altar
Orc:2:    serial_shops, nicolae_shop_statue_plus
Orc:3:    nicolae_orc_pool_cavern, nicolae_orc_crystal_geode
Orc:4:    st_orc_ogre_mass, serial_shops, nicolae_shop_statue_plus, uniq_nessos,
          uniq_donald, uniq_saint_roka

Action                   |  1- 3 |  4- 6 |  7- 9 | 10-12 | 13-15 || total
-------------------------+-------+-------+-------+-------+-------++-------
Melee: Hand axe          |    57 |       |    18 |       |       ||    75
       Scythe            |       |   106 |   347 |   182 |       ||   635
       Battleaxe         |       |       |       |   486 |    66 ||   552
       Eveningstar       |       |       |       |       |    11 ||    11
Invok: Berserk           |       |     1 |    11 |    23 |     3 ||    38
  Use: Potion            |     1 |       |     1 |     8 |    12 ||    22
       Scroll            |       |     4 |     3 |    13 |     3 ||    23
 Stab: Sleeping          |       |     1 |     3 |     6 |       ||    10
       Distracted        |       |       |     1 |     1 |       ||     2
  Eat: Meat ration       |       |     2 |     2 |     2 |     1 ||     7
       Chunk             |       |     1 |     4 |     4 |       ||     9
       Bread ration      |       |       |     3 |     4 |     1 ||     8
       Pizza             |       |       |     2 |    11 |       ||    13
       Fruit             |       |       |     3 |       |       ||     3
       Beef jerky        |       |       |       |     3 |       ||     3

Vault maps used:
D:1:      dpeg_arrival_rooms_with_view
D:2:      hangedman_ru_absence, uniq_natasha, uniq_sigmund
D:3:      uniq_terence, uniq_robin, uniq_grinder
D:4:      temple_green, first_bread, serial_bayou_pond_e, uniq_edmund,
          uniq_menkaure
D:5:      uniq_crazy_yiuf_cottage, uniq_prince_ribbit1
D:7:      grunt_livestock, uniq_joseph
D:8:      makhleb_grotto_becter, grunt_qazlal_clouds, uniq_pikel
D:9:      kennysheep_small_square, uniq_maurice, uniq_erolcha
D:10:     lemuel_reptile_caves, dpeg_lair_monsters
D:12:     hiddenorc2_lemuel, yredelemnul_altar_generic, uniq_sonja
Orc:1:    basic_altar
Orc:2:    serial_shops, nicolae_shop_statue_plus
Orc:3:    nicolae_orc_pool_cavern, nicolae_orc_crystal_geode
Orc:4:    st_orc_ogre_mass, serial_shops, nicolae_shop_statue_plus, uniq_nessos,
          uniq_donald, uniq_saint_roka

Table legend:
 A = Turns spent in this place as a percentage of turns spent in the entire game.
 B = Non-inter-level travel turns spent in this place as a percentage of non-inter-level travel turns spent in the entire game.
 C = Inter-level travel turns spent in this place as a percentage of turns spent in this place.
 D = Turns resting spent in this place as a percentage of non-inter-level travel turns spent in this place.
 E = Turns spent auto-exploring this place as a percentage of non-inter-level travel turns spent in this place.
 F = Non-inter-level travel turns spent in this place divided by the number of levels of this place that you've seen.
                   A       B       C       D       E      F
               +-------+-------+-------+-------+-------+----------------------
         Total | 100.0 | 100.0 |   0.6 |   6.8 |  10.6 | 262.4
       Dungeon |  80.4 |  80.5 |   0.5 |   6.7 |  10.4 | 281.6
  Orcish Mines |  19.6 |  19.5 |   1.1 |   7.3 |  11.8 | 205.0
               +-------+-------+-------+-------+-------+----------------------

Table legend:
 A = Kills in this place as a percentage of kills in entire the game.
 B = Kills by you in this place as a percentage of kills by you in the entire game.
 C = Kills by friends in this place as a percentage of kills by friends in the entire game.
 D = Other kills in this place as a percentage of other kills in the entire game.
 E = Experience gained in this place as a percentage of experience gained in the entire game.
 F = Experience gained in this place divided by the number of levels of this place that you have seen.
                   A       B       C       D       E      F
               +-------+-------+-------+-------+-------+----------------------
         Total | 100.0 | 100.0 |  -nan | 100.0 | 100.0 | 2968.6
       Dungeon |  71.7 |  71.6 |  -nan | 100.0 |  66.2 | 2619.9
  Orcish Mines |  28.3 |  28.4 |  -nan |   0.0 |  33.8 | 4014.8
               +-------+-------+-------+-------+-------+----------------------
